 Dungeon Crawl Stone Soup version 0.17-a0-469-g696e5a1 (console) character file.

356 hyperkellhus the Basher (level 6, -6/59 HPs)
             Began as an Ogre Gladiator on Apr 6, 2015.
             Mangled by a gnoll
             ... wielding a +0 whip
              (7 damage)
             ... on level 4 of the Dungeon.
             The game lasted 00:08:57 (4721 turns).

hyperkellhus the Basher (Ogre Gladiator)            Turns: 4721, Time: 00:08:57

Health: -6/59      AC:  3    Str: 21      XL:     6   Next: 63%
Magic:  6/6        EV: 10    Int:  7      God:
Gold:   196        SH:  0    Dex: 14 (15) Spells: 0 memorised, 5 levels left

rFire  . . .     SeeInvis .     a - +0 flail
rCold  . . .     Clarity  .     b - +0 animal skin
rNeg   . . .     SustAb   .     (no shield)
rPois  .         Gourm    +     c - +0 hat
rElec  .         Spirit   .     (no cloak)
rCorr  .         Warding  .     (gloves unavailable)
rMut   .         Stasis   .     (boots unavailable)
MR     .....                    x - amulet of the gourmand
Stlth  +.........               (no ring)
                                p - +3 ring of dexterity

@: not resistant to hostile enchantments, very unstealthy
A: unfitting armour, tough skin 1
a: no special abilities


You were on level 4 of the Dungeon.
You were full.

You visited 1 branch of the dungeon, and saw 4 of its levels.

You collected 196 gold pieces.

Inventory:

Hand weapons
 a - a +0 flail (weapon)
 y - the +7 Singing Sword
   (You found it on level 4 of the Dungeon)
Missiles
 d - a throwing net (quivered)
Armour
 b - a +0 animal skin (worn)
 c - a +0 hat (worn)
Jewellery
 p - a +3 ring of dexterity (left hand)
 x - an amulet of the gourmand (around neck)
Scrolls
 g - 2 scrolls of remove curse {unknown}
 h - 3 scrolls of identify {unknown}
 j - a scroll of enchant armour {unknown}
 q - a scroll of enchant weapon {unknown}
 u - a scroll of teleportation {unknown}
 w - a scroll of amnesia {unknown}
Comestibles
 f - 4 bread rations
 i - a meat ration
 o - a beef jerky


   Skills:
 - Level 2.6 Fighting
 + Level 9.5 Maces & Flails
 - Level 2.1 Throwing
 - Level 2.6 Dodging


You had 5 spell levels left.
You didn't know any spells.

Dungeon Overview and Level Annotations

Branches:
Dungeon (4/15)
 Temple: D:4-7

Altars:
Ashenzari
Elyvilon
Gozag
Makhleb
Zin

Shops:
D:4 :

Annotations:
D:3 exclusion: black bear, Terence


Innate Abilities, Weirdness & Mutations

You are too large for most types of armour.
You have tough skin (AC +1).


Message History

The web tears apart.
You hit the gnoll.
The gnoll is moderately wounded.
The gnoll barely misses you.
You hit the gnoll.
The gnoll is severely wounded.
The gnoll hits you with a whip!
* * * LOW HITPOINT WARNING * * *
You hit the gnoll but do no damage.
The gnoll is severely wounded.
The gnoll hits you with a whip!
* * * LOW HITPOINT WARNING * * *
Throwing (i - inventory):
d - 2 throwing nets (quivered)
Press: ? - help, Shift-Dir - straight line, f/p - gnoll
Aim: a gnoll, wielding a whip (severely wounded)
You throw a throwing net.
The throwing net barely misses the gnoll.
The throwing net hits the fungus.
The net is caught on the fungus!
The gnoll hits you with a whip!
You die...

#.# ##....##.###.# #s#
###..#####.# #<# #.#
##.g###....รท###.# ##.#
###...###.......#.#
#..##
###)..P..########.#.#
##..# ###....P..#...###
#...#
#...###P.PP..P#####...#
#####
##...#P...P....g..)#.###
#....##P.P...#)#@#.#P.#
#.....###....#..)#.##P#
....#..###PP.##########
###.##s.######
#........# #........#
#........# #.........#
#.......#.#


You could see a gnoll.

Vanquished Creatures
  3 scorpions (D:4)
  A worker ant (D:4)
  A hound skeleton (D:4)
  5 gnolls
  4 adders
  A worm (D:2)
  4 giant geckos
  7 orcs
  A ball python (D:2)
  2 giant cockroaches
  7 hobgoblins
  2 quokkas (D:2)
  23 bats
  2 giant newts
  10 goblins
  4 kobolds
  A quokka zombie (D:4)
  13 rats
  A fungus (D:4)
92 creatures vanquished.

Vanquished Creatures (others)
  A fungus (D:4)
1 creature vanquished.

Grand Total: 93 creatures vanquished

Notes
Turn   | Place    | Note
--------------------------------------------------------------
     0 | D:1      | hyperkellhus, the Ogre Gladiator, began the quest for the Orb.
     0 | D:1      | Reached XP level 1. HP: 22/22 MP: 1/1
   215 | D:1      | Reached XP level 2. HP: 29/29 MP: 2/2
   395 | D:1      | Reached skill level 5 in Maces & Flails
   972 | D:1      | Reached XP level 3. HP: 36/36 MP: 3/3
  1118 | D:2      | Found a burning altar of Makhleb.
  1422 | D:2      | Found a white marble altar of Elyvilon.
  1660 | D:2      | Reached skill level 6 in Maces & Flails
  1786 | D:2      | Found a shattered altar of Ashenzari.
  1851 | D:2      | Reached XP level 4. HP: 30/44 MP: 4/4
  1974 | D:2      | Found an opulent altar of Gozag.
  2809 | D:3      | Found a glowing silver altar of Zin.
  2862 | D:3      | Reached skill level 7 in Maces & Flails
  2978 | D:3      | Noticed a black bear
  3082 | D:3      | Noticed Terence
  3444 | D:4      | Reached XP level 5. HP: 50/50 MP: 5/5
  3512 | D:4      | Reached skill level 8 in Maces & Flails
  3724 | D:4      | Reached XP level 6. HP: 22/59 MP: 6/6
  4280 | D:4      | Found Puypekhuov's Book Shop.
  4387 | D:4      | Reached skill level 9 in Maces & Flails
  4720 | D:4      | HP: 1/59 [gnoll/whip (11)]
  4721 | D:4      | Mangled by a gnoll

Action                   |  1- 3 |  4- 6 || total
-------------------------+-------+-------++-------
Melee: Flail             |   127 |   162 ||   289
Throw: Throwing net      |     3 |     4 ||     7
  Use: Potion            |       |     5 ||     5
 Stab: Sleeping          |       |     1 ||     1
  Eat: Chunk             |     3 |    16 ||    19
